 Dungeon Crawl Stone Soup version 0.31.0-12-g77e489cdc1 (webtiles) character file.

Game seed: 14544891146705419186

23 Ekaitz the Firebug (level 2, 0/30 HPs)
             Began as a Demonspawn Fire Elementalist on Feb 13, 2024.
             Succumbed to a kobold's poison
             ... on level 1 of the Dungeon.
             The game lasted 00:01:57 (360 turns).

Ekaitz the Firebug (Demonspawn Fire Elementalist)    Turns: 360, Time: 00:01:58

Health: 0/30       AC: 21    Str:  8    XL:     2   Next: 72%
Magic:  2/5        EV:  2    Int: 15    God:
Gold:   59         SH:  0    Dex: 13    Spells: 2/5 levels left

rFire   . . .        h - +0 long sword
rCold   . . .        (no shield)
rNeg    . . .        a - melded +0 robe
rPois   +            (helmet currently unavailable)
rElec   .            (cloak currently unavailable)
rCorr   .            (gloves currently unavailable)
SInv    .            (boots currently unavailable)
Will    .....        (no amulet)
Stlth   ++           (no ring)
HPRegen 0.25/turn    (no ring)
MPRegen 0.18/turn

%: no passive effects
@: lethally poisoned (0 -> -5), tree-form
A: stationary, stasis, torment immunity, boosted hp, magic regeneration
a: no special abilities


You were on level 1 of the Dungeon.
You were a tree.
You visited 1 branch of the dungeon, and saw 1 of its levels.

You collected 59 gold pieces.

Inventory:

Hand Weapons
 h - a +0 long sword (weapon)
Armour
 a - a +0 robe (melded)
Scrolls
 c - 3 scrolls of enchant weapon {unknown}
 d - a scroll of teleportation {unknown}
 f - a scroll of fear {unknown}
Potions
 b - a potion of magic


   Skills:
 * Level 0.9 Fighting
 + Level 0.1 Long Blades
 + Level 1.8 Dodging
 + Level 1.7 Stealth
 + Level 2.2 Spellcasting
 * Level 1.2 Conjurations
 * Level 3.1 Fire Magic


You had 2 spell levels left.
You knew the following spells:

 Your Spells              Type           Power      Damage    Failure   Level
a - Foxfire               Conj/Fire      32%        2x1d5     9%          1
b - Scorch                Fire           22%        2d5       9%          2

Your spell library contained the following spells:

 Spells                   Type           Power      Damage    Failure   Level
 Inner Flame              Hex/Fire       6%         N/A       34%         3
 Volatile Blastmotes      Fire/Tloc      12%        2d11      34%         3
 Flame Wave               Conj/Fire      8%         2d5       65%         4


Dungeon Overview and Level Annotations

Branches:
Dungeon (1/15)

Altars:


Innate Abilities, Weirdness & Mutations

You are a tree.
Your roots penetrate the ground, keeping you stationary.
You cannot be teleported.
You are immune to unholy pain and torment.
Your maximum health is greatly increased.
Your equipment is partially melded.
You regenerate magic rapidly.


Message History

You hit the bat but do no damage. The bat hits you but does no damage.
The bat misses you.
You miss the kobold.
The kobold hits you with a +3 short sword of venom.
You are lethally poisoned!
The kobold hits you with a +3 short sword of venom.
You are more poisoned.
The bat barely misses you.
Casting: Scorch (safe; 10% risk of failure)
Confirm with . or Enter, or press ? or * to list all spells.
Flames lash the kobold.
You kill the kobold!
* * * LOW HITPOINT WARNING * * *
You feel very sick. The bat closely misses you.
Casting: Scorch (safe; 9% risk of failure)
Confirm with . or Enter, or press ? or * to list all spells.
Okay, then.
It was a potion of heal wounds.
You feel much better.
You feel very sick. The bat hits you. x2
Unknown command.
Casting: Scorch (safe; 9% risk of failure)
Confirm with . or Enter, or press ? or * to list all spells.
Flames lash the bat.
You kill the bat!
* * * LOW HITPOINT WARNING * * *
You feel very sick.
Unknown command.
It was a potion of lignification.
You turn into a tree.
Your +0 robe melds into your body.
Your roots penetrate the ground.
* * * LOW HITPOINT WARNING * * *
You feel very sick.
There is a lethal amount of poison in your body!
There is a lethal amount of poison in your body!
* * * LOW HITPOINT WARNING * * *
You feel sick.
* * * LOW HITPOINT WARNING * * *
You feel sick.
You die...

....# #..>. ###.... .......##
.#.#.###...!......
.....#...........#
#................#### ####
#.#.....#.......♣†..##### #...
...............)).).....### #...
#.#....# ####........#....####...
.......# ##........###.........
)†.....####............#+#.......
.##...........##########.##......
#...........# ### #.((#......
#####.......# ##.###...##.....
#.......# #...#(..(.#.###.


There were no monsters in sight!

Vanquished Creatures
  An endoplasm (D:1)
  2 giant cockroaches (D:1)
  2 goblins (D:1)
  A hobgoblin (D:1)
  4 kobolds (D:1)
  2 quokkas (D:1)
  2 ball pythons (D:1)
  2 bats (D:1)
  2 frilled lizards (D:1)
  3 rats (D:1)
21 creatures vanquished.

Vanquished Creatures (others)
  23 foxfires (D:1)
23 creatures vanquished.

Grand Total: 44 creatures vanquished

Notes
Turn   | Place    | Note
-------+----------+-------------------------------------------
     0 | D:1      | Ekaitz the Demonspawn Fire Elementalist began the quest for
                  | the Orb.
     0 | D:1      | Reached XP level 1. HP: 13/13 MP: 3/3
   176 | D:1      | Gained mutation: You regenerate magic rapidly. [demonic
                  | ancestry]
   176 | D:1      | Reached XP level 2. HP: 20/20 MP: 1/5
   179 | D:1      | Learned a level 2 spell: Scorch
   203 | D:1      | Reached skill level 3 in Fire Magic
   354 | D:1      | HP: 1/20 [poisoned by a kobold]
   359 | D:1      | HP: 1/30 [poisoned by a kobold]
   360 | D:1      | Succumbed to a kobold's poison

Illustrated notes

Levels and vault maps discovered:
D:1:      minmay_arrival_shattered_statue, layout_rooms

Skill      XL: |  1  2 |
---------------+-------+-----
Fire Magic     | 3 |  3.1
Fighting       | |  0.9
Long Blades    | |  0.1
Dodging        | |  1.8
Stealth        | |  1.7
Spellcasting   | |  2.2
Conjurations   | |  1.2

Action                     || total
---------------------------++-------
  Melee: Long sword        ||    15
   Cast: Foxfire           ||    15
         Scorch            ||     2
    Use: Potion            ||     2
 Armour: Robe              ||    20
  Dodge: Dodged            ||    20
